 Dungeon Crawl Stone Soup version 0.21.1-1-g345015f (webtiles) character file.

1441 Mirai the Covert (level 9, -11/45 HPs)
             Began as a Kobold Enchanter on Apr 27, 2018.
             Was a Follower of Okawaru.
             Mangled by an orc warrior
             ... wielding a +0 scimitar
              (15 damage)
             ... on level 6 of the Dungeon.
             The game lasted 00:17:50 (5896 turns).

Mirai the Covert (Kobold Enchanter)                 Turns: 5896, Time: 00:17:50

Health: -11/45     AC: 10    Str:  6    XL:     9   Next: 4%
Magic:  5/15       EV: 19    Int: 18    God:    Okawaru [*.....]
Gold:   240        SH:  0    Dex: 21    Spells: 9/17 levels left

rFire    . . .     SeeInvis .   o - +2 dagger (venom)
rCold    . . .     Gourm    .   (shield restricted)
rNeg     . . .     Faith    .   y - +4 robe of the Accordion {rElec MR- Dex+3}
rPois    .         Spirit   .   g - +0 helmet
rElec    +         Reflect  .   j - +0 cloak
rCorr    .         Harm     .   h - +1 pair of gloves
MR       .....                  (no boots)
Stlth    +++++.....             k - amulet of regeneration
HPRegen  0.55/turn              s - +2 ring of intelligence
MPRegen  0.14/turn              (no ring)

@: very slightly contaminated
A: small, talons 1, blurry vision 1, carnivore
a: Heroism, Renounce Religion


You were on level 6 of the Dungeon.
You worshipped Okawaru.
Okawaru was aware of your devotion.
You were completely stuffed.

You visited 2 branches of the dungeon, and saw 7 of its levels.

You collected 240 gold pieces.

Inventory:

Hand Weapons
 o - a +2 dagger of venom (weapon)
 q - the +9 war axe of Circular Logic {freeze, rF++ MP+9 Str+2 Dex+2}
   (You found it on level 4 of the Dungeon)

   It has been specially enchanted to freeze those struck by it, causing extra
   injury to most foes and up to half again as much damage against particularly
   susceptible opponents.
   It can also slow down cold-blooded creatures.
   It affects your strength (+2).
   It affects your dexterity (+2).
   It greatly protects you from fire.
   It affects your magic capacity (+9).
Armour
 b - a +0 robe
 g - a +0 helmet (worn)
 h - a +1 pair of gloves (worn)
 j - a +0 cloak (worn)
 l - a +0 chain mail of cold resistance
 w - the +0 leather armour of Perfidy {rElec Str-2 Stlth+}
   (You found it on level 5 of the Dungeon)

   It affects your strength (-2).
   It insulates you from electricity.
   It makes you more stealthy.
 y - the +4 robe of the Accordion (worn) {rElec MR- Dex+3}
   (You found it on level 5 of the Dungeon)

   It affects your dexterity (+3).
   It insulates you from electricity.
   It affects your resistance to hostile enchantments.
Jewellery
 k - an amulet of regeneration (around neck)
 r - an uncursed ring of ice
 s - a +2 ring of intelligence (left hand)
 x - an uncursed ring of ice
Scrolls
 a - 2 scrolls of fog
 e - 7 scrolls of identify
 i - a scroll of immolation
 u - a scroll of teleportation
 B - a scroll of remove curse
Potions
 f - a potion of invisibility
 n - 3 potions of flight
 p - 2 potions of haste {unknown}
 t - a potion of degeneration {unknown}
 z - a potion of heal wounds {unknown}
Books
 c - a book of Maledictions

   Spells                             Type                      Level
   a - Corona                         Hexes                        1
   b - Ensorcelled Hibernation        Hexes/Ice                    2
   c - Confuse                        Hexes                        3
   d - Tukima's Dance                 Hexes                        3
   e - Dazzling Spray                 Conjuration/Hexes            3
 v - a book of Minor Magic

   Spells                             Type                      Level
   a - Magic Dart                     Conjuration                  1
   b - Blink                          Translocation                2
   c - Call Imp                       Summoning                    2
   d - Slow                           Hexes                        2
   e - Conjure Flame                  Conjuration/Fire             3
   f - Mephitic Cloud                 Conjuration/Poison/Air       3
 A - a book of Frost

   Spells                             Type                      Level
   a - Freeze                         Ice                          1
   b - Throw Frost                    Conjuration/Ice              2
   c - Ozocubu's Armour               Charms/Ice                   3
   d - Throw Icicle                   Conjuration/Ice              4
   e - Summon Ice Beast               Ice/Summoning                4
Comestibles
 d - 9 rations
 m - 5 chunks of flesh


   Skills:
 + Level 5.4 Short Blades
 + Level 1.0 Armour
 + Level 5.4 Dodging
 * Level 9.2 Stealth
 + Level 4.5 Spellcasting
 + Level 4.9 Hexes
 + Level 2.4 Ice Magic


You had 9 spell levels left.
You knew the following spells:

 Your Spells              Type           Power        Failure   Level  Hunger
a - Ensorcelled Hibernat  Hex/Ice        ###...       4%          2    #......
b - Confuse               Hex            ###.....     5%          3    ###....
c - Tukima's Dance        Hex            ###.....     5%          3    ###....


Dungeon Overview and Level Annotations

Branches:
Dungeon (6/15)             Temple (1/1) D:4

Altars:
Ashenzari
Cheibriados
Dithmenos
Elyvilon
Fedhas
Gozag
Hepliaklqana
Makhleb
Nemelex Xobeh
Okawaru
Qazlal
Ru
Sif Muna
Trog
Uskayaw
Vehumet
Wu Jian
Xom
Zin
The Shining One


Innate Abilities, Weirdness & Mutations

You are small and have problems with some larger weapons.
You are carnivorous and can eat meat at any time.
You have sharp toenails.
Scrolls take you a little longer to read.


Message History

Aim: an orc warrior, wielding a scimitar and wearing a plate armour (poisoned, chance to defeat MR: 48%)
The orc warrior resists with some effort.
Casting: Ensorcelled Hibernation
Confirm with . or Enter, or press ? or * to list all spells.
Aiming: Ensorcelled Hibernation
Press: ? - help, Shift-Dir - straight line, f/p - orc warrior
Aim: an orc warrior, wielding a scimitar and wearing a plate armour (lightly wounded, poisoned, chance to defeat MR: 48%)
The orc warrior resists with some effort.
The orc wizard mumbles some strange words.
The orc wizard seems to speed up.
The orc warrior barely misses you.
Casting: Ensorcelled Hibernation
Confirm with . or Enter, or press ? or * to list all spells.
Aiming: Ensorcelled Hibernation
Press: ? - help, Shift-Dir - straight line, f/p - orc warrior
Aim: an orc warrior, wielding a scimitar and wearing a plate armour (lightly wounded, poisoned, chance to defeat MR: 48%)
You miscast Ensorcelled Hibernation.
You are very lightly contaminated with residual magic.
Nothing appears to happen.
The orc warrior hits you with a scimitar!
You die...

#..##..## ##.##
#..###.## #.##
###..# #..###.#
#. ## #....#
##.....### ..##.
#...# #..####...
..#. ##..###.##
#... . ...
##......## ##<.
..
##.####.......#
#.#
#.#...##@###....#
#.# #.....oo##
###.#.# #.#
##.#.).o# #.##.#
... #..### ### .#
#.# #.## # #.# #.
### ##


You could see an orc warrior, an orc wizard and an orc.

Vanquished Creatures
  Edmund (D:5)
  The ghost of Mirai the Sneak, an amateur KoEn (D:3)
  An orc warrior (D:6)
  A sky beast (D:6)
  A centaur (D:5)
  2 bullfrogs (D:6)
  A centaur skeleton (D:5)
  6 orc priests
  A hound (D:5)
  Crazy Yiuf (D:5)
  Jessica (D:2)
  A bullfrog skeleton (D:5)
  6 orc wizards
  2 worker ants
  A hound skeleton (D:4)
  Robin (D:3)
  13 adders
  3 shadow imps
  An ooze (D:1)
  An adder skeleton (D:5)
  A worm (D:2)
  A dart slug (D:3)
  5 leopard geckos
  18 orcs
  2 ball pythons (D:4)
  4 giant cockroaches
  17 goblins
  4 hobgoblins
  9 jackals
  8 kobolds
  2 quokkas (D:5)
  12 bats
  5 frilled lizards
  3 rats
137 creatures vanquished.

Notes
Turn   | Place    | Note
-------+----------+-------------------------------------------
     0 | D:1      | Mirai the Kobold Enchanter began the quest for the Orb.
     0 | D:1      | Reached XP level 1. HP: 10/10 MP: 3/3
   284 | D:1      | Reached XP level 2. HP: 14/15 MP: 5/5
   288 | D:1      | Learned a level 2 spell: Ensorcelled Hibernation
   718 | D:2      | Found a hide-covered altar of Uskayaw.
   770 | D:2      | Found a sparkling altar of Nemelex Xobeh.
   775 | D:2      | Reached XP level 3. HP: 19/19 MP: 6/6
   954 | D:2      | Reached skill level 5 in Stealth
   954 | D:2      | Reached XP level 4. HP: 9/24 MP: 0/8
  1061 | D:2      | Found a sparkling altar of Nemelex Xobeh.
  1061 | D:2      | Noticed Jessica
  1074 | D:2      | Killed Jessica
  1251 | D:2      | Reached XP level 5. HP: 19/28 MP: 9/9
  1296 | D:2      | Found a faded altar of an unknown god.
  1868 | D:2      | You fall through a shaft!
  1931 | D:3      | Noticed Robin
  1955 | D:3      | Killed Robin
  2405 | D:3      | Reached skill level 6 in Stealth
  2405 | D:3      | Reached XP level 6. HP: 25/32 MP: 7/10
  2475 | D:3      | Noticed Mirai's ghost (amateur KoEn)
  2570 | D:4      | Learned a level 3 spell: Confuse
  2574 | D:4      | Learned a level 3 spell: Tukima's Dance
  2886 | D:4      | Gained mutation: Scrolls take you a little longer to read. [potion of mutation]
  2886 | D:4      | Gained mutation: You have sharp toenails. [potion of mutation]
  2921 | D:3      | Killed Mirai's ghost
  3092 | D:3      | Reached XP level 7. HP: 36/36 MP: 12/12
  3390 | D:4      | Reached skill level 7 in Stealth
  3424 | D:4      | Found a staircase to the Ecumenical Temple.
  3456 | Temple   | Entered the Ecumenical Temple
  3648 | Temple   | Became a worshipper of Warmaster Okawaru
  3801 | D:4      | Found an opulent altar of Gozag.
  3801 | D:4      | Found an ornate altar of the Wu Jian Council.
  3802 | D:4      | Found a blossoming altar of Fedhas.
  3802 | D:4      | Found a radiant altar of Vehumet.
  3803 | D:4      | Found a hazy altar of Hepliaklqana.
  3803 | D:4      | Found a glowing silver altar of Zin.
  3803 | D:4      | Found a shimmering altar of Xom.
  3892 | D:4      | Got a polished war axe
  3893 | D:4      | Identified the +9 war axe of Circular Logic {freeze, rF++ MP+9 Str+2 Dex+2} (You found it on level 4 of the Dungeon)
  4293 | D:5      | Entered Level 5 of the Dungeon
  4358 | D:5      | Noticed Edmund
  4368 | D:5      | Killed Edmund
  4368 | D:5      | Reached skill level 1 in Ice Magic
  4368 | D:5      | Reached XP level 8. HP: 40/41 MP: 10/13
  4380 | D:5      | Reached * piety under Okawaru
  4380 | D:5      | Reached skill level 8 in Stealth
  4891 | D:5      | Reached skill level 5 in Dodging
  4902 | D:5      | Got a shimmering leather armour
  4913 | D:5      | Identified the cursed +0 leather armour of Perfidy {rElec Str-2 Stlth+} (You found it on level 5 of the Dungeon)
  4944 | D:5      | Got a twisted robe
  5160 | D:5      | Found a runed door.
  5171 | D:5      | Noticed Crazy Yiuf
  5182 | D:5      | Killed Crazy Yiuf
  5182 | D:5      | Reached skill level 5 in Short Blades
  5593 | D:6      | Reached skill level 9 in Stealth
  5643 | D:6      | Identified the +4 robe of the Accordion {rElec MR- Dex+3} (You found it on level 5 of the Dungeon)
  5748 | D:6      | Reached skill level 1 in Armour
  5778 | D:6      | Found a shattered altar of Ashenzari.
  5782 | D:6      | Reached XP level 9. HP: 45/45 MP: 15/15
  5892 | D:6      | HP: 2/45 [orc warrior/scimitar (16)]
  5896 | D:6      | Mangled by an orc warrior

Skill      XL: |  1  2  3  4  5  6  7  8 |
---------------+-------------------------+-----
Short Blades   | 2 3 4 5 |  5.4
Dodging        | 3 4 5 |  5.4
Stealth        | 5 6 7 9 |  9.2
Spellcasting   | 3 4 |  4.5
Hexes          | 4 |  4.9
Ice Magic      | 1 2 |  2.4
Armour         | 1 |  1.0

Action                   |  1- 3 |  4- 6 |  7- 9 || total
-------------------------+-------+-------+-------++-------
Melee: Dagger            |    76 |   198 |   173 ||   447
       Kick              |       |     6 |    50 ||    56
       War axe           |       |       |     6 ||     6
 Cast: Ensorcelled Hiber |    11 |    13 |    24 ||    48
       Confuse           |       |     6 |     8 ||    14
  Use: Scroll            |     4 |     3 |     4 ||    11
       Potion            |       |     4 |     1 ||     5
 Stab: Sleeping          |    12 |    17 |    21 ||    50
       Invisible         |       |     7 |       ||     7
       Confused          |       |     1 |     1 ||     2
       Distracted        |       |       |     1 ||     1
  Eat: Chunk             |     8 |     9 |    11 ||    28
Armor: Robe              |    27 |    77 |    23 ||   127
       Leather armour    |       |       |     4 ||     4
Dodge: Dodged            |    67 |   131 |   112 ||   310
